 Dungeon Crawl Stone Soup version 0.31.0-32-g396128a36d (webtiles) character file.

Game seed: 4313122850641733700

99 porpoise the Shooter (level 4, -1/34 HPs)
             Began as a Human Hunter on Apr 3, 2024.
             Slain by an ufetubus (3 damage)
             ... on level 3 of the Dungeon.
             The game lasted 00:04:32 (1147 turns).

porpoise the Shooter (Human Hunter)                 Turns: 1147, Time: 00:04:33

Health: -1/34      AC:  3    Str: 11    XL:     4   Next: 72%
Magic:  4/4        EV: 12    Int: 10    God:
Gold:   43         SH:  0    Dex: 18    Spells: 3/3 levels left

rFire   . . .        a - +0 shortbow
rCold   . . .        (shield currently unavailable)
rNeg    . . .        c - +0 leather armour
rPois   .            (no helmet)
rElec   .            (no cloak)
rCorr   .            (no gloves)
SInv    .            (no boots)
Will    .....        i - amulet of regeneration
Stlth   ++           (no ring)
HPRegen 1.05/turn    (no ring)
MPRegen 0.09/turn

%: no passive effects
@: no status effects
A: explore regen
a: no special abilities


You were on level 3 of the Dungeon.
You visited 1 branch of the dungeon, and saw 3 of its levels.

You collected 43 gold pieces.

Inventory:

Hand Weapons
 a - a +0 shortbow (weapon)
Missiles
 e - 2 curare-tipped darts
 h - 2 throwing nets
 k - 5 poisoned darts
Armour
 c - a +0 leather armour (worn)
 j - a scarf of invisibility
Jewellery
 i - an amulet of regeneration (around neck)
Scrolls
 b - a scroll of butterflies
 l - a scroll of amnesia {unknown}
Potions
 d - a potion of mutation
 g - a potion of haste


   Skills:
 + Level 2.8 Fighting
 * Level 5.1 Ranged Weapons
 - Level 2.0 Dodging
 + Level 2.3 Stealth


You had 3 spell levels left.
You didn't know any spells.
Your spell library was empty.

Dungeon Overview and Level Annotations

Branches:
Dungeon (3/15)

Altars:

Shops:
D:2 =====

Annotations:
D:3 Sigmund


Innate Abilities, Weirdness & Mutations

You regain HP and MP as you explore.


Message History

Sigmund closely misses you.
You shoot an arrow. The arrow hits the ufetubus.
The ufetubus is severely wounded.
The ufetubus hits you. The ufetubus closely misses you.
Sigmund hits you from afar with a +0 scythe!
The ufetubus misses you. The ufetubus hits you.
You shoot an arrow. The arrow hits Sigmund.
Sigmund is lightly wounded.
The ufetubus misses you. The ufetubus barely misses you.
Sigmund hits you with a +0 scythe! The ufetubus closely misses you.
The ufetubus barely misses you. x2; The ufetubus closely misses you.
You shoot an arrow. The arrow closely misses Sigmund.
The ufetubus hits you but does no damage.
The ufetubus closely misses you. The ufetubus hits you.
The ufetubus barely misses you. Sigmund casts a spell at you.
The magic dart hits you!
* * * LOW HITPOINT WARNING * * *
The ufetubus barely misses you. x2; The ufetubus misses you.
The ufetubus hits you.
* * * LOW HITPOINT WARNING * * *
You shoot an arrow. The arrow hits Sigmund.
Sigmund is lightly wounded.
The ufetubus hits you.
* * * LOW HITPOINT WARNING * * *
The ufetubus hits you.
* * * LOW HITPOINT WARNING * * *
Sigmund barely misses you. The ufetubus hits you.
* * * LOW HITPOINT WARNING * * *
The ufetubus closely misses you. The ufetubus barely misses you.
The ufetubus hits you but does no damage.
The ufetubus closely misses you.
The ufetubus hits you but does no damage.
You shoot an arrow. The arrow closely misses Sigmund.
The ufetubus hits you but does no damage.
The ufetubus barely misses you. Sigmund closely misses you.
The ufetubus hits you.
* * * LOW HITPOINT WARNING * * *
The ufetubus hits you.
You die...

.# #.# # ##.##
.# #...##. .....
##### ...#
......##5####.#
#..@@5.$...#
##.##.###### #
#.# #.# ## #.#
..###.#####
#.#.......#
#.#.#.###.#
.#####.#.#......


You could see Sigmund and 2 ufetubi.

Vanquished Creatures
  Jessica (D:3)
  2 adders (D:2)
  A ribbon worm (D:2)
  An orc (D:3)
  5 bats
  6 endoplasms
  4 goblins
  4 hobgoblins
  2 jackals (D:3)
  5 kobolds
  A quokka (D:1)
  10 ball pythons
  4 frilled lizards
  4 rats
50 creatures vanquished.

Notes
Turn   | Place    | Note
-------+----------+-------------------------------------------
     0 | D:1      | porpoise the Human Hunter began the quest for the Orb.
     0 | D:1      | Reached XP level 1. HP: 16/16 MP: 1/1
    56 | D:1      | Reached XP level 2. HP: 22/22 MP: 2/2
   439 | D:2      | Found Wustrasa's Jewellery Shop.
   491 | D:2      | Reached XP level 3. HP: 28/28 MP: 3/3
   527 | D:2      | Found Anked's Jewellery Emporium.
   564 | D:2      | Found Acvumn's Jewellery Boutique.
   633 | D:2      | Found Myaluiw's Jewellery Boutique.
   690 | D:2      | Found Fyjaboff's Jewellery Boutique.
   926 | D:2      | Reached XP level 4. HP: 25/34 MP: 4/4
  1076 | D:3      | Noticed Jessica
  1081 | D:3      | Killed Jessica
  1082 | D:3      | Reached skill level 5 in Ranged Weapons
  1141 | D:3      | Noticed Sigmund
  1147 | D:3      | Slain by an ufetubus

Illustrated notes

Levels and vault maps discovered:
D:1:      lightli_arrival_maybe_door_vault, layout_rooms,
          nicolae_concentric_dashed_squares_wild, serial_bayou_pond_e,
          skrybe_limestone_x, kennysheep_another_room
D:2:      layout_loops_ring, serial_shops, nicolae_shop_crystal,
          nicolae_shop_gaudy_bauble, nicolae_shop_rolling_square,
          nicolae_diamond_shop, nicolae_shop_tiny_waterfront
D:3:      layout_loops_corners, uniq_natasha, uniq_sigmund, uniq_jessica

Skill      XL: |  1  2  3  4 |
---------------+-------------+-----
Stealth        | 2 |  2.3
Ranged Weapons | 5 |  5.1
Fighting       | |  2.8
Dodging        | |  2.0

Action                     |  1- 3 |  4- 6 || total
---------------------------+-------+-------++-------
   Fire: Shortbow          |   109 |    39 ||   148
    Use: Scroll            |       |     2 ||     2
 Armour: Leather armour    |    25 |    21 ||    46
  Dodge: Dodged            |    26 |    28 ||    54
